 Dungeon Crawl Stone Soup version 0.25.1-2-g60ff931df9 (webtiles) character file.

Game seed: 10270867356113324489

193 Araneus the Poker (level 5, -3/41 HPs)
             Began as a Demonspawn Fighter on Oct 19, 2020.
             Killed from afar by an orc wizard (6 damage)
             ... with a magic dart
             ... on level 3 of the Dungeon.
             The game lasted 00:03:57 (2140 turns).

Araneus the Poker (Demonspawn Fighter)              Turns: 2140, Time: 00:03:58

Health: -3/41      AC:  8    Str: 18    XL:     5   Next: 44%
Magic:  0/5        EV:  7    Int:  9    God:
Gold:   48         SH:  0    Dex: 12    Spells: 4/4 levels left

rFire    . . .     SeeInvis .   a - +0 trident
rCold    . . .     Gourm    .   c - +0 kite shield
rNeg     . . .     Faith    .   b - +0 scale mail
rPois    .         Spirit   +   (no helmet)
rElec    .         Reflect  .   (no cloak)
rCorr    .         Harm     .   (no gloves)
MR       .....                  (no boots)
Stlth    ..........             (no amulet)
HPRegen  0.13/turn              (no ring)
MPRegen  0.09/turn              (no ring)

@: confused, slowed, very slow
A: talons 1, molten scales 1, powered by pain 1, magic shield
a: no special abilities


You were on level 3 of the Dungeon.
You were not hungry.

You visited 1 branch of the dungeon, and saw 3 of its levels.

You collected 48 gold pieces.

Inventory:

Hand Weapons
 a - a +0 trident (weapon)
Armour
 b - a +0 scale mail (worn)
 c - a +0 kite shield (worn)
Jewellery
 e - an uncursed amulet of the acrobat {unknown}
 i - an uncursed ring of protection from magic {unknown}
Scrolls
 j - a scroll of amnesia {unknown}
 k - a scroll of teleportation {unknown}
 l - a scroll of remove curse {unknown}
 o - a scroll of magic mapping {unknown}
 p - a scroll of noise {unknown}
 q - a scroll of enchant armour {unknown}
Potions
 d - a potion of might
 g - a potion of ambrosia {unknown}
 h - a potion of resistance {unknown}
 m - a potion of lignification
 n - a potion of flight {unknown}
Comestibles
 f - 2 rations
 r - 2 chunks of flesh


   Skills:
 - Level 3.0 Fighting
 + Level 5.2 Polearms
 - Level 2.6 Armour
 - Level 2.6 Shields


You had 4 spell levels left.
You didn't know any spells.
Your spell library was empty.

Dungeon Overview and Level Annotations

Branches:
Dungeon (3/15)

Altars:
Kikubaaqudgha


Innate Abilities, Weirdness & Mutations

You have sharp toenails.
You are partially covered in molten scales. (AC +2)
You sometimes gain a little power by taking damage.
When hurt, damage is shared between your health and your magic reserves.


Message History

The orc is almost dead.
The orc wizard hits you but does no damage. x3
The orc hits you but does no damage. The orc hits you with a +0 flail.
The orc priest calls down the wrath of Beogh upon you.
Beogh smites you!
* * * LOW HITPOINT WARNING * * *
The orc wizard gestures at you while chanting.
You are more confused.
You hear a shout!
You're too confused!
Unknown command.
You closely miss the orc. Your kick misses the orc.
The orc is almost dead.
The orc wizard hits you but does no damage.
A goblin comes into view.
The orc wizard barely misses you. The orc hits you but does no damage.
The orc closely misses you.
The orc wizard points at you and mumbles some strange words.
The magic dart hits you.
You die...

### g.. .o. #o#
#s# #.
#######o###....
......o@o......
#######o###.###
#.# #.# #รท#
#######.#
#...<...#
#.#######


You could see an orc priest, 2 orc wizards, 3 orcs, a giant cockroach and a
goblin.

Vanquished Creatures
  A hound (D:2)
  An orc wizard (D:3)
  Jessica (D:2)
  Terence (D:2)
  3 adders (D:2)
  2 dart slugs
  An orc (D:3)
  2 giant cockroaches
  5 goblins
  10 hobgoblins
  2 jackals (D:1)
  5 kobolds
  A quokka (D:3)
  6 bats
  4 frilled lizards
  12 rats
57 creatures vanquished.

Notes
Turn   | Place    | Note
-------+----------+-------------------------------------------
     0 | D:1      | Araneus the Demonspawn Fighter began the quest for the Orb.
     0 | D:1      | Reached XP level 1. HP: 18/18 MP: 1/1
    44 | D:1      | Reached skill level 2 in Polearms
   206 | D:1      | Gained mutation: You sometimes gain a little power by
                  | taking damage. [demonic ancestry]
   206 | D:1      | Reached XP level 2. HP: 20/24 MP: 2/2
   438 | D:1      | Reached skill level 3 in Polearms
   796 | D:1      | Gained mutation: When hurt, damage is shared between your
                  | health and your magic reserves. [demonic ancestry]
   796 | D:1      | Reached XP level 3. HP: 25/29 MP: 3/3
  1141 | D:2      | Found an ancient bone altar of Kikubaaqudgha.
  1141 | D:2      | Noticed a human
  1153 | D:2      | Found a faded altar of an unknown god.
  1154 | D:2      | Noticed Terence
  1168 | D:2      | Killed Terence
  1281 | D:2      | Reached skill level 4 in Polearms
  1281 | D:2      | Gained mutation: You are partially covered in molten
                  | scales. (AC +2) [demonic ancestry]
  1281 | D:2      | Reached XP level 4. HP: 26/35 MP: 2/4
  1771 | D:2      | Noticed Jessica
  1777 | D:2      | Killed Jessica
  1777 | D:2      | Reached skill level 5 in Polearms
  1777 | D:2      | Gained mutation: You have sharp toenails. [demonic
                  | ancestry]
  1777 | D:2      | Reached XP level 5. HP: 37/41 MP: 5/5
  2140 | D:3      | Killed from afar by an orc wizard

Illustrated notes

Levels and vault maps discovered:
D:1:      dpeg_arrival_round_c, layout_basic, chequers_decorated_corner
D:2:      layout_loops_ring, chequers_ecumenical_altar_simple,
          tgw_kikubaaqudgha, uniq_jessica, uniq_terence
D:3:      layout_loops_ring, nicolae_ru_path_of_blood, ashenzari_altar_1,
          minivault_26

Skill      XL: |  1  2  3  4 |
---------------+-------------+-----
Polearms       | 2 3 4 5 |  5.2
Fighting       | |  3.0
Armour         | |  2.6
Shields        | |  2.6

Action                   |  1- 3 |  4- 6 || total
-------------------------+-------+-------++-------
Melee: Trident           |   114 |    96 ||   210
       Kick              |       |     5 ||     5
  Use: Scroll            |     2 |       ||     2
       Potion            |     1 |       ||     1
  Eat: Chunk             |     1 |     3 ||     4
Armor: Scale mail        |    33 |    42 ||    75
Dodge: Dodged            |    16 |    24 ||    40
Block: Kite shield       |    42 |    39 ||    81
